 Dungeon Crawl Stone Soup version 0.22.1 (webtiles) character file.

10 MalarOregon the Firebug (level 2, 0/22 HPs)
             Began as a Hill Orc Fire Elementalist on Sept 18, 2018.
             Slain by a gnoll
             ... wielding a +0 spear
              (4 damage)
             ... on level 1 of the Dungeon.
             The game lasted 00:01:05 (375 turns).

MalarOregon the Firebug (Hill Orc Fire Elementalist) Turns: 375, Time: 00:01:06

Health: 0/22       AC:  2    Str: 10    XL:     2   Next: 20%
Magic:  2/4        EV: 12    Int: 15    God:
Gold:   29         SH:  0    Dex: 11    Spells: 3/4 levels left

rFire    . . .     SeeInvis .   (no weapon)
rCold    . . .     Gourm    .   (no shield)
rNeg     . . .     Faith    .   a - +0 robe
rPois    .         Spirit   .   (no helmet)
rElec    .         Reflect  .   (no cloak)
rCorr    .         Harm     .   (no gloves)
MR       .....                  (no boots)
Stlth    ++........             (no amulet)
HPRegen  0.07/turn              (no ring)
MPRegen  0.09/turn              (no ring)

@: very slightly contaminated
A: no striking features
a: no special abilities


You were on level 1 of the Dungeon.
You were not hungry.

You visited 1 branch of the dungeon, and saw 1 of its levels.

You collected 29 gold pieces.

Inventory:

Armour
 a - a +0 robe (worn)
Jewellery
 d - an uncursed amulet of faith {unknown}
   (You found it on level 1 of the Dungeon)
Scrolls
 c - a scroll of identify {unknown}
Potions
 f - a potion of ambrosia {unknown}
Comestibles
 b - 2 chunks of flesh
 e - 3 rations {!d}


   Skills:
 + Level 0.9 Fighting
 + Level 1.8 Dodging
 - Level 1.5 Stealth
 - Level 1.5 Spellcasting
 + Level 1.3 Conjurations
 + Level 3.5 Fire Magic


You had 3 spell levels left.
You knew the following spells:

 Your Spells              Type           Power        Failure   Level  Hunger
a - Flame Tongue          Conj/Fire      #....        9%          1    ##.....

Your spell library contained the following spells:

 Spells                   Type           Power        Failure   Level  Hunger
 Throw Flame              Conj/Fire      #.....       13%         2    ###....
 Conjure Flame            Conj/Fire      #.......     26%         3    ####...
 Inner Flame              Hex/Fire       #.......     34%         3    ####...
 Sticky Flame             Conj/Fire      #.......     65%         4    #####..
 Fireball                 Conj/Fire      #.........   94%         5    ######.


Dungeon Overview and Level Annotations

Branches:
Dungeon (1/15)

Altars:


Message History

A gnoll comes into view. It is wielding a spear.
The gnoll shouts!
You hear an angry hiss.
Found 12 gold pieces and 2 scrolls labeled ZOS HEONEILAHA.
A giant cockroach comes into view.
You can't see any susceptible monsters within range! (Use Z to cast anyway.)
A goblin comes into view.
Aim: a gnoll, wielding a spear The flame tongue hits the gnoll.
A kobold comes into view. It is wielding a dagger.
Aim: a gnoll, wielding a spear (severely wounded)
The flame tongue hits the gnoll.
The gnoll appears unharmed.
The kobold shouts!
You hear a shout!
The gnoll hits you from afar with a spear!
Aim: a gnoll, wielding a spear (severely wounded)
The flame tongue misses the gnoll.
The flame tongue hits the giant cockroach.
A frilled lizard comes into view.
The gnoll hits you from afar with a spear.
Aim: a gnoll, wielding a spear (severely wounded)
The flame tongue misses the gnoll.
The gnoll hits you from afar with a spear!
Ouch! That really hurt!
* * * LOW HITPOINT WARNING * * *
The giant cockroach closely misses you.
The giant cockroach waves its antennae.
The giant cockroach bites you but does no damage.
The giant cockroach bites you but does no damage.
The giant cockroach bites you.
* * * LOW HITPOINT WARNING * * *
The giant cockroach bites you but does no damage.
You see here a bat skeleton.
The giant cockroach barely misses you. The giant cockroach closely misses you.
The giant cockroach bites you but does no damage.
The giant cockroach bites you but does no damage.
The giant cockroach bites you.
* * * LOW HITPOINT WARNING * * *
The kobold hits the plant with a dagger.
The giant cockroach bites you.
* * * LOW HITPOINT WARNING * * *
The giant cockroach closely misses you.
Aim: a gnoll, wielding a spear (heavily wounded)
The flame tongue hits the giant cockroach.
You kill the giant cockroach!
Aim: a gnoll, wielding a spear (heavily wounded)
You miscast Flame Tongue.
You are very lightly contaminated with residual magic.
The air around you crackles with energy!
The gnoll hits you from afar with a spear.
You die...

#.P≈≈P.P≈≈P..#.##.
#.≈≈≈≈.≈≈≈≈..#....
#.≈≈≈≈.≈≈≈≈..#.###
#.≈≈≈≈.≈≈≈≈..#.#
#.≈≈≈≈.≈≈≈≈..#.#
#.≈≈≈≈.≈≈≈≈..#.#
#.≈≈≈≈.≈≈≈≈..#.#
#.≈≈≈≈.≈≈≈≈..#.#
#@≈≈≈≈.≈≈≈≈..#.#
#†P≈≈...≈≈P..#.#
.....?..#
#g...........#.#
.#......#
#.....<......#.#
........#
#K...........#.#
.#......#
.#.P≈≈...≈≈P..#.#
........#
#.#.≈≈≈≈.≈≈≈≈..#.#
....$...#
#.#.≈≈≈≈.≈≈≈≈..#.#
........#
###.#.≈≈≈≈.≈≈≈≈..#.#


You could see a gnoll and a kobold.

Vanquished Creatures
  A bat (D:1)
  3 giant cockroaches (D:1)
  2 goblins (D:1)
  A kobold (D:1)
  A frilled lizard (D:1)
8 creatures vanquished.

Notes
Turn   | Place    | Note
-------+----------+-------------------------------------------
     0 | D:1      | MalarOregon the Hill Orc Fire Elementalist began the quest
                  | for the Orb.
     0 | D:1      | Reached XP level 1. HP: 14/14 MP: 3/3
   244 | D:1      | Reached XP level 2. HP: 22/22 MP: 2/4
   375 | D:1      | Slain by a gnoll

Action                   || total
-------------------------++-------
Melee: Unarmed           ||     8
 Cast: Flame Tongue      ||    14
Armor: Robe              ||     6
Dodge: Dodged            ||     7
